 Dungeon Crawl Stone Soup version 0.25-a0-865-gd392131cc7 (webtiles) character file.

Game seed: 17881649163743884118, levelgen mode: deterministic

181 Anathary the Cutter (level 5, 0/33 HPs)
             Began as a Kobold Fighter on Apr 30, 2020.
             Slain by Sigmund
             ... wielding a +0 scythe
              (3 damage)
             ... on level 3 of the Dungeon.
             The game lasted 00:06:00 (2670 turns).

Anathary the Cutter (Kobold Fighter)                Turns: 2670, Time: 00:06:01

Health: 0/33       AC:  6    Str: 13    XL:     5   Next: 92%
Magic:  5/5        EV: 10    Int: 10    God:
Gold:   123        SH:  8    Dex: 15    Spells: 4/4 levels left

rFire    . . .     SeeInvis .   a - +0 rapier
rCold    . . .     Gourm    .   c - +0 kite shield
rNeg     . . .     Faith    .   b - +0 scale mail
rPois    .         Spirit   .   (no helmet)
rElec    .         Reflect  .   (no cloak)
rCorr    .         Harm     .   (no gloves)
MR       .....                  (no boots)
Stlth    ..........             (no amulet)
HPRegen  0.11/turn              (no ring)
MPRegen  0.09/turn              (no ring)

@: no status effects
A: small, carnivore
a: no special abilities


You were on level 3 of the Dungeon.
You were not hungry.

You visited 1 branch of the dungeon, and saw 3 of its levels.

You collected 123 gold pieces.

Inventory:

Hand Weapons
 a - a +0 rapier (weapon)
Armour
 b - a +0 scale mail (worn)
 c - a +0 kite shield (worn)
Jewellery
 e - a cursed ring of attention {unknown}
Scrolls
 h - a scroll of fear {unknown}
 i - 6 scrolls of identify {unknown}
 j - a scroll of magic mapping {unknown}
 m - 2 scrolls of remove curse {unknown}
 o - a scroll of teleportation {unknown}
 p - a scroll of enchant armour {unknown}
 q - a scroll of amnesia {unknown}
 r - a scroll of noise {unknown}
Potions
 d - a potion of might
 g - 2 potions of curing {unknown}
 k - a potion of mutation {unknown}
 l - a potion of flight {unknown}
 n - a potion of cancellation {unknown}
Comestibles
 f - 3 rations


   Skills:
 + Level 4.1 Fighting
 + Level 5.4 Short Blades
 - Level 2.4 Armour
 * Level 3.4 Dodging
 - Level 0.6 Stealth
 - Level 2.4 Shields


You had 4 spell levels left.
You didn't know any spells.
Your spell library was empty.

Dungeon Overview and Level Annotations

Branches:
Dungeon (3/15)

Altars:

Annotations:
D:3 Sigmund


Innate Abilities, Weirdness & Mutations

You are small and have problems with some larger weapons.
You are carnivorous and can eat meat at any time.


Message History

You hit the worm.
The worm is moderately wounded.
Something hits you. The worm closely misses you.
You hit the worm.
The worm is moderately wounded.
Something hits you. You block the worm's attack.
You hit the worm.
The worm is moderately wounded.
Something hits you but does no damage.
Your shield and scale mail prevent you from hitting the worm.
The worm is moderately wounded.
You block the worm's attack.
You barely miss the worm.
The worm is moderately wounded.
Something hits you. The worm bites you!
* * * LOW HITPOINT WARNING * * *
You hit the worm but do no damage.
The worm is moderately wounded.
Something hits you.
You die...

#......... ##########
##### ### # .....
..>############# .....
#########.............
####.
........#.....%...†...
##'#######'#......).)....
##
#........................
.#
#.......@w{..............
..#
#.............^##########
.. #..............# #
#................ .
#.................
##.................%
#..#######......... ...
#.........


You could see a worm.

Vanquished Creatures
  A howler monkey (D:2)
  Jessica (D:3)
  Terence (D:3)
  2 worms (D:2)
  A dart slug (D:2)
  A leopard gecko (D:2)
  6 orcs (D:3)
  10 goblins
  6 hobgoblins
  12 jackals
  6 kobolds
  4 quokkas
  2 ball pythons
  8 bats
  3 frilled lizards (D:2)
  9 rats
73 creatures vanquished.

Notes
Turn   | Place    | Note
-------+----------+-------------------------------------------
     0 | D:1      | Anathary the Kobold Fighter began the quest for the Orb.
     0 | D:1      | Reached XP level 1. HP: 14/14 MP: 1/1
   237 | D:1      | Reached XP level 2. HP: 19/19 MP: 2/2
   278 | D:1      | Reached skill level 1 in Dodging
   289 | D:1      | Reached skill level 3 in Short Blades
   482 | D:1      | Reached XP level 3. HP: 20/24 MP: 3/3
  1327 | D:2      | Reached skill level 4 in Short Blades
  1327 | D:2      | Reached XP level 4. HP: 24/29 MP: 4/4
  1808 | D:2      | Reached XP level 5. HP: 32/33 MP: 5/5
  2334 | D:3      | Noticed Jessica
  2344 | D:3      | Killed Jessica
  2344 | D:3      | Reached skill level 5 in Short Blades
  2577 | D:3      | Noticed Terence
  2594 | D:3      | Killed Terence
  2649 | D:3      | Noticed Sigmund
  2670 | D:3      | Slain by Sigmund

Levels and vault maps discovered:
D:1:      saegor_arrival_under_anarchy, layout_basic
D:2:      layout_loops_cross
D:3:      layout_basic, old_standard_altar, first_ration, uniq_terence,
          uniq_jessica, uniq_sigmund

Skill      XL: |  1  2  3  4  5 |
---------------+----------------+-----
Dodging        | 1 2 3 |  3.4
Short Blades   | 3 4 5 |  5.4
Fighting       | 4 |  4.1
Armour         | |  2.4
Stealth        | |  0.6
Shields        | |  2.4

Action                   |  1- 3 |  4- 6 || total
-------------------------+-------+-------++-------
Melee: Rapier            |   129 |   178 ||   307
  Eat: Ration            |     1 |     1 ||     2
       Chunk             |       |     2 ||     2
Armor: Scale mail        |    53 |    51 ||   104
Dodge: Dodged            |    43 |    68 ||   111
Block: Kite shield       |    53 |    74 ||   127

Table legend:
 A = Non-vault XP
 B = Vault XP
 C = Vault XP percentage of total XP
 D = Non-vault monster count
 E = Vault monster count
 F = Vault count percentage of total count
                 A         B        C        D         E       F
            +---------+---------+-------+---------+---------+-------
      Total |     186 |      73 |  28.2 |      71 |       2 |   2.7
            +---------+---------+-------+---------+---------+-------
        D:1 |      45 |       0 |   0.0 |      27 |       0 |   0.0
        D:2 |     110 |       0 |   0.0 |      31 |       0 |   0.0
        D:3 |      31 |      73 |  70.2 |      13 |       2 |  13.3
            +---------+---------+-------+---------+---------+-------
